 Dungeon Crawl Stone Soup version 0.20-a0-2-g2b0e13a (console) character file.

751 brucemayne the Cleaver (level 7, -1/53 HPs)
             Began as a Demonspawn Berserker on Oct 29, 2016.
             Was a Believer of Trog.
             Slain by a hound (2 damage)
             ... on level 6 of the Dungeon.
             The game lasted 00:05:33 (1325 turns).

brucemayne the Cleaver (Demonspawn Berserker)       Turns: 1325, Time: 00:05:34

Health: -1/53      AC:  9    Str: 19    XL:     7   Next: 49%
Magic:  7/7        EV:  8    Int:  8    God:    Trog [**....]
Gold:   116        SH:  0    Dex: 13    Spells: 0 memorised, 6 levels left

rFire  . . .     SeeInvis .     o - +0 war axe
rCold  + . .     Gourm    .     g - +0 chain mail
rNeg   . . .     Faith    .     (no shield)
rPois  .         Spirit   .     (no helmet)
rElec  .         Reflect  .     (no cloak)
rCorr  .         Harm     .     (no gloves)
MR     .....                    (no boots)
Stlth  ..........               (no amulet)
                                (no ring)
                                (no ring)

@: exhausted, slowed, very slow
A: rugged brown scales 1, cold resistance 1, nightstalker 1
a: Berserk, Trog's Hand, Burn Spellbooks, Renounce Religion


You were on level 6 of the Dungeon.
You worshipped Trog.
Trog was pleased with you.
You were not hungry.

You visited 1 branch of the dungeon, and saw 6 of its levels.

You collected 116 gold pieces.

Inventory:

Hand Weapons
 a - a +0 hand axe
 c - a +4 flail of protection
 o - a +0 war axe (weapon)
 r - a +0 war axe
Missiles
 i - 10 poisoned needles
Armour
 b - a +0 animal skin
 g - a +0 chain mail (worn)
 m - a +0 scale mail
Wands
 k - a wand of flame (25/48)
Scrolls
 f - a scroll of identify
 h - 2 scrolls of enchant armour {unknown}
Potions
 d - a potion of haste {unknown}
 e - 2 potions of lignification
 j - a potion of heal wounds {unknown}
 q - a potion of curing
Comestibles
 l - 2 meat rations
 p - a bread ration


   Skills:
 - Level 3.0 Fighting
 + Level 8.1 Axes
 - Level 1.7 Armour
 - Level 1.7 Dodging


You had 6 spell levels left.
You didn't know any spells.

Dungeon Overview and Level Annotations

Branches:
Dungeon (6/15)
 Temple: D:4-7

Altars:
Makhleb
Uskayaw

Annotations:
D:5 Prince Ribbit


Innate Abilities, Weirdness & Mutations

You are partially covered in rugged brown scales. (AC +1, +3% HP)
Your flesh is cold resistant. (rC+)
You are slightly more attuned to the shadows.


Message History

The hound bites you.
You feel the effects of Trog's Hand fading.
The hound bites you but does no damage. The hound barely misses you.
The hound closely misses you. The hound bites you.
Your skin stops crawling.
You feel less resistant to hostile enchantments.
The hound bites you but does no damage. The hound completely misses you.
The hound bites you. The bullfrog skeleton hits you.
The hound closely misses you. The hound barely misses you. The hound bites you.
The orc warrior hits you from afar with a trident!!
* * * LOW HITPOINT WARNING * * *
The hound bites you but does no damage. The hound bites you but does no damage.
The orc warrior hits you from afar with a trident!
* * * LOW HITPOINT WARNING * * *
The hound bites you.
You die...

#.#.#
#...o.....#.#
#.#.#
#.#######....
#.#.########.#
#...
#.#..........#
#.. ...
#.....#..†.....#
#.# #.#
#.#......#####Z#
#.# #(# ######.#
#.# #.# #.# #.#
#o#######.###.#
#.#
#.h@........#.##
#.#
###########..).#
#.# #(###.# #.#
.# #.###.#
#....#
#.#.######
#.#.......
#.########


You could see an orc warrior and a hound.

Vanquished Creatures
  Edmund (D:5)
  An ogre (D:6)
  2 centaurs (D:6)
  A bullfrog (D:6)
  A scorpion (D:6)
  2 orc wizards (D:6)
  Jessica (D:2)
  A worker ant (D:6)
  An iguana (D:5)
  5 adders
  4 gnolls (D:5)
  An ooze (D:1)
  2 leopard geckos
  5 orcs
  A giant cockroach (D:1)
  4 hobgoblins
  13 jackals
  A kobold (D:2)
  A quokka (D:4)
  4 bats
  A frilled lizard (D:1)
  4 goblins
  4 rats
61 creatures vanquished.

Notes
Turn   | Place    | Note
-------+----------+-------------------------------------------
     0 | D:1      | brucemayne the Demonspawn Berserker began the quest for the Orb.
     0 | D:1      | Reached XP level 1. HP: 18/18 MP: 1/1
   133 | D:1      | Reached skill level 3 in Axes
   257 | D:2      | Noticed Jessica
   262 | D:2      | Killed Jessica
   262 | D:2      | Gained mutation: You are slightly more attuned to the shadows. [demonic ancestry]
   262 | D:2      | Reached XP level 2. HP: 24/24 MP: 2/2
   262 | D:2      | Reached XP level 3. HP: 29/29 MP: 3/3
   341 | D:2      | Reached skill level 4 in Axes
   490 | D:1      | Gained mutation: You are partially covered in rugged brown scales. (AC +1, +3% HP) [demonic ancestry]
   490 | D:1      | Reached XP level 4. HP: 6/36 MP: 4/4
   620 | D:3      | Reached ** piety under Trog
   888 | D:5      | Entered Level 5 of the Dungeon
   888 | D:5      | Found a hide-covered altar of Uskayaw.
   888 | D:5      | Noticed Edmund
   905 | D:5      | Killed Edmund
   905 | D:5      | Reached skill level 5 in Axes
   905 | D:5      | Reached XP level 5. HP: 42/42 MP: 5/5
   973 | D:5      | Reached skill level 6 in Axes
   976 | D:5      | Gained mutation: Your flesh is cold resistant. (rC+) [demonic ancestry]
   976 | D:5      | Reached XP level 6. HP: 36/48 MP: 6/6
  1017 | D:5      | Noticed Prince Ribbit
  1055 | D:6      | Reached skill level 7 in Axes
  1099 | D:6      | Reached XP level 7. HP: 22/53 MP: 7/7
  1254 | D:6      | Found a burning altar of Makhleb.
  1289 | D:6      | Reached skill level 8 in Axes
  1325 | D:6      | HP: 1/53 [orc warrior/trident (8)]
  1325 | D:6      | Slain by a hound

Vault maps used:
D:1:      eino_arrival_cavern_b
D:2:      st_stairs_11, grunt_decor_fettered, evilmike_ruin_ashenzari,
          uniq_jessica
D:3:      first_bread
D:4:      old_standard_altar, led_sif_book, hangedman_minor_gate_pass
D:5:      nicolae_overflow_hidden_temple, chequers_temple_overflow_minitemple,
          uniq_prince_ribbit1, uniq_edmund
D:6:      cheibrodos_two_vegetables, lightli_temple_of_fire, st_stairs_3

Skill      XL: |  1  2  3  4  5  6  7 |
---------------+----------------------+-----
Axes           | 3 4 5 6 7 8 |  8.1
Fighting       | |  3.0
Armour         | |  1.7
Dodging        | |  1.7

Action                   |  1- 3 |  4- 6 |  7- 9 || total
-------------------------+-------+-------+-------++-------
Melee: Hand axe          |    93 |   121 |       ||   214
       War axe           |       |     5 |    27 ||    32
Invok: Berserk           |     2 |     4 |     2 ||     8
       Trog's Hand       |       |     2 |     2 ||     4
  Use: Scroll            |     3 |       |       ||     3
       Potion            |     2 |       |       ||     2
  Eat: Chunk             |       |     3 |     3 ||     6
       Bread ration      |       |     1 |       ||     1
Armor: Chain mail        |    51 |    67 |    23 ||   141
       Animal skin       |     4 |       |       ||     4
       Skin              |    24 |       |       ||    24
Dodge: Dodged            |    40 |    45 |    26 ||   111
